 Dungeon Crawl Stone Soup version 0.20.1-1-g8b1a95d (webtiles) character file.

648 Reeggar the Skirmisher (level 7, -1/82 HPs)
             Began as a Demonspawn Wanderer on Oct 12, 2017.
             Was a Priest of Cheibriados.
             Slain by a centaur (2 damage)
             ... on level 6 of the Dungeon on Oct 13, 2017.
             The game lasted 00:37:39 (6042 turns).

Reeggar the Skirmisher (Demonspawn Wanderer)        Turns: 6042, Time: 00:37:42

Health: -1/82      AC:  9    Str: 27    XL:     7   Next: 27%
Magic:  2/9        EV: 12    Int: 23    God:    Cheibriados [***...]
Gold:   342        SH:  5    Dex: 21    Spells: 9/9 levels left

rFire    . . .     SeeInvis .   a - +2 mace
rCold    . . .     Gourm    .   t - +0 buckler
rNeg     + . .     Faith    .   j - +0 ring mail
rPois    .         Spirit   .   (helmet unavailable)
rElec    .         Reflect  .   v - +0 cloak
rCorr    .         Harm     .   u - +0 pair of gloves
MR       .....                  (no boots)
Stlth    ..........             (no amulet)
Regen    0.3/turn               e - ring of positive energy
MPRegen  0.2/turn               w - +2 ring of intelligence

@: berserking, very slow
A: horns 3, yellow scales 1, powered by death 1
a: Bend Time, Temporal Distortion, Renounce Religion


You were on level 6 of the Dungeon.
You worshipped Cheibriados.
Cheibriados was most pleased with you.
You were not hungry.

You visited 1 branch of the dungeon, and saw 6 of its levels.

You collected 342 gold pieces.

Inventory:

Hand Weapons
 a - a +2 mace (weapon)
Armour
 j - a +0 ring mail (worn)
 t - a +0 buckler (worn)
 u - a +0 pair of gloves (worn)
 v - a +0 cloak (worn)
 A - a +0 chain mail
Jewellery
 b - an uncursed ring of positive energy
 e - a ring of positive energy (left hand)
 w - a +2 ring of intelligence (right hand)
 y - an uncursed ring of positive energy
Wands
 l - a wand of lightning (10/15)
Scrolls
 n - 3 scrolls of remove curse
 o - a scroll of recharging
 z - a scroll of enchant armour {unknown}
 B - a scroll of random uselessness {unknown}
Potions
 c - a potion of lignification
 f - a potion of haste
 h - a potion of degeneration
 i - 2 potions of might
 m - 3 potions of curing {unknown}
 q - a potion of ambrosia {unknown}
 r - 4 potions of heal wounds {unknown}
 x - 2 potions of agility {unknown}
Comestibles
 d - 6 bread rations
 g - 2 fruits
 p - 3 meat rations
 s - 2 royal jellies


   Skills:
 + Level 4.9 Fighting
 * Level 3.9 Maces & Flails
 + Level 3.0 Armour
 * Level 2.7 Dodging
 * Level 2.7 Stealth
 + Level 1.3 Shields
 - Level 1.0 Unarmed Combat
 * Level 1.5 Spellcasting
 + Level 1.0 Evocations


You had 9 spell levels left.
You didn't know any spells.

Dungeon Overview and Level Annotations

Branches:
Dungeon (6/15)             Temple (0/1) D:5

Altars:
Ashenzari
Cheibriados
Dithmenos
Gozag
Hepliaklqana
Qazlal
Ru
Trog
Xom
Yredelemnul

Shops:
D:5 (


Innate Abilities, Weirdness & Mutations

You have a pair of large horns on your head.
You are partially covered in yellow scales. (AC +2)
You regenerate a little health from kills.


Message History

The orc warrior is moderately wounded.
The orc warrior hits you with a scimitar!
* * * LOW HITPOINT WARNING * * *
The orc priest calls down the wrath of Beogh upon you.
Beogh smites you!
* * * LOW HITPOINT WARNING * * *
You block the centaur's attack.
You warp the flow of time around you!
You feel somewhat more hungry.
You can no longer inflict damage on those overly hasty.
Cheibriados lowers the support of your attributes as your movement quickens.
Found a potion of might.
A quokka zombie comes into view.
It was a potion of berserk rage.
A red film seems to cover your vision as you go berserk!
Cheibriados protects you from inadvertent hurry.
You feel mighty!
The orc warrior shouts!
The orc priest hits you but does no damage.
The centaur hits you.
You die...

H.....
...> ....
... ####
#o. ....!
#.#
......##.#
......Zco#
......#o@#
.......o(#
.......###
.###..#
#.. #. #.
. ##


You could see an orc warrior, a centaur, an orc priest, an orc wizard, an orc
and a quokka zombie.

Vanquished Creatures
  An ice beast (D:5)
  A centaur (D:5)
  A bullfrog zombie (D:5)
  2 hounds (D:4)
  3 orc wizards (D:4)
  An iguana (D:4)
  Terence (D:2)
  A worker ant (D:4)
  8 adders
  2 gnolls (D:5)
  A shadow imp (D:4)
  An adder skeleton (D:5)
  3 worms (D:3)
  2 dart slugs
  7 leopard geckos
  15 orcs
  A ball python (D:2)
  9 bats
  4 giant cockroaches
  3 goblins
  8 hobgoblins
  12 jackals
  6 kobolds
  9 frilled lizards
  A leopard gecko skeleton (D:4)
  A leopard gecko zombie (D:5)
  7 rats
111 creatures vanquished.

Vanquished Creatures (others)
  7 plants (D:5)
7 creatures vanquished.

Grand Total: 118 creatures vanquished

Notes
Turn   | Place    | Note
-------+----------+-------------------------------------------
     0 | D:1      | Reeggar the Demonspawn Wanderer began the quest for the Orb.
     0 | D:1      | Reeggar set off with: a +2 mace, a +0 falchion, a potion of lignification, a +0 robe, a bread ration
     0 | D:1      | Reached XP level 1. HP: 19/19 MP: 1/1
   502 | D:1      | Gained mutation: You regenerate a little health from kills. [demonic ancestry]
   502 | D:1      | Reached XP level 2. HP: 25/25 MP: 2/2
  1479 | D:2      | Reached XP level 3. HP: 21/31 MP: 3/3
  1763 | D:2      | Noticed Terence
  1771 | D:2      | Killed Terence
  1771 | D:2      | Reached skill level 1 in Dodging
  1844 | D:2      | Gained mutation: You have a pair of small horns on your head. [demonic ancestry]
  1844 | D:2      | Reached XP level 4. HP: 32/38 MP: 4/4
  2075 | D:2      | Found a faded altar of an unknown god.
  2077 | D:2      | Became a worshipper of Cheibriados the Contemplative
  2077 | D:2      | Reached * piety under Cheibriados
  2930 | D:3      | Found a hazy altar of Hepliaklqana.
  3054 | D:3      | Reached ** piety under Cheibriados
  3324 | D:3      | Reached skill level 1 in Spellcasting
  3324 | D:3      | Gained mutation: You have a pair of horns on your head. [demonic ancestry]
  3324 | D:3      | Reached XP level 5. HP: 41/43 MP: 6/6
  3832 | D:3      | Found a shadowy altar of Dithmenos.
  4164 | D:4      | Found a bloodstained altar of Trog.
  4343 | D:4      | Reached *** piety under Cheibriados
  4345 | D:4      | Gained mutation: You have a pair of large horns on your head. [demonic ancestry]
  4345 | D:4      | Reached XP level 6. HP: 35/49 MP: 7/7
  4932 | D:5      | Entered Level 5 of the Dungeon
  5408 | D:5      | Found Oraf's Weapon Shop.
  5516 | D:5      | Reached **** piety under Cheibriados
  5516 | D:5      | Gained mutation: You are partially covered in yellow scales. (AC +2) [demonic ancestry]
  5516 | D:5      | Reached XP level 7. HP: 55/55 MP: 7/9
  5541 | D:5      | Found a stormy altar of Qazlal.
  5543 | D:5      | Noticed a fire elemental
  5548 | D:5      | Noticed a water elemental
  5548 | D:5      | Noticed an air elemental
  5579 | D:5      | Found a shimmering altar of Xom.
  5579 | D:5      | Found a basalt altar of Yredelemnul.
  5587 | D:5      | Found an opulent altar of Gozag.
  5592 | D:5      | Found a shattered altar of Ashenzari.
  5594 | D:5      | Found a sacrificial altar of Ru.
  5664 | D:5      | Found an opulent altar of Gozag.
  5892 | D:5      | Found a staircase to the Ecumenical Temple.
  6034 | D:6      | Noticed a manticore
  6041 | D:6      | HP: 1/55 [orc priest/divine providence (7)]
  6042 | D:6      | Slain by a centaur

Skill      XL: |  1  2  3  4  5  6  7 |
---------------+----------------------+-----
Dodging        | 1 2 |  2.7
Maces & Flails | 2 3 |  3.9
Spellcasting   | 1 |  1.5
Armour         | 2 3 |  3.0
Stealth        | 2 |  2.7
Fighting       | |  4.9
Shields        | |  1.3
Unarmed Combat | |  1.0
Evocations     | |  1.0

Action                   |  1- 3 |  4- 6 |  7- 9 || total
-------------------------+-------+-------+-------++-------
Melee: Mace              |    89 |   184 |    26 ||   299
       Headbutt          |       |    42 |     7 ||    49
Invok: Bend Time         |       |       |     1 ||     1
       Temporal Distorti |       |       |     1 ||     1
  Use: Scroll            |     2 |     6 |     2 ||    10
       Potion            |       |     1 |     1 ||     2
 Stab: Sleeping          |       |     1 |       ||     1
  Eat: Chunk             |     1 |     1 |       ||     2
       Bread ration      |     1 |       |       ||     1
       Meat ration       |       |     1 |       ||     1
Armor: Scale mail        |    49 |       |       ||    49
       Ring mail         |     5 |    86 |     6 ||    97
Dodge: Dodged            |    54 |   114 |    21 ||   189
Block: Buckler           |       |    34 |    14 ||    48
